 Dungeon Crawl Stone Soup version 0.31-a0-369-g8eba5f6939 (webtiles) character file.

Game seed: 8019505985718461278

80 zazu2006 the Poker (level 4, 0/34 HPs)
             Began as a Gnoll Wanderer on July 28, 2023.
             Succumbed to a scorpion's poison
             ... on level 2 of the Dungeon.
             The game lasted 00:03:41 (1744 turns).

zazu2006 the Poker (Gnoll Wanderer)                 Turns: 1744, Time: 00:03:42

Health: 0/34       AC:  3    Str: 16    XL:     4   Next: 39%
Magic:  7/8        EV: 12    Int: 11    God:
Gold:   42         SH:  0    Dex:  9    Spells: 8/9 levels left

rFire   . . .        a - +3 spear
rCold   . . .        (no shield)
rNeg    . . .        c - +0 leather armour
rPois   .            (no helmet)
rElec   .            (no cloak)
rCorr   .            (no gloves)
SInv    .            (no boots)
Will    .....        (no amulet)
Stlth   +            (no ring)
HPRegen 0.25/turn    (no ring)
MPRegen 0.11/turn

%: no passive effects
@: lethally poisoned (0 -> -20)
A: fangs 1, strong nose, distributed training
a: no special abilities


You were on level 2 of the Dungeon.
You visited 1 branch of the dungeon, and saw 3 of its levels.

You collected 42 gold pieces.

Inventory:

Hand Weapons
 a - a +3 spear (weapon)
Armour
 c - a +0 leather armour (worn)
Jewellery
 f - a ring of ice
 m - a +4 ring of slaying
Scrolls
 b - a scroll of fog
 e - a scroll of noise {unknown}
 g - a scroll of amnesia {unknown}
 h - a scroll of enchant armour {unknown}
 j - 2 scrolls of identify {unknown}
 k - a scroll of teleportation {unknown}


   Skills:
 + Level 2.7 Fighting
 + Level 1.1 Short Blades
 + Level 1.1 Long Blades
 + Level 1.1 Axes
 + Level 1.1 Maces & Flails
 + Level 6.6 Polearms
 + Level 1.1 Staves
 + Level 1.1 Ranged Weapons
 + Level 1.1 Throwing
 + Level 2.7 Armour
 + Level 4.6 Dodging
 + Level 1.1 Stealth
 + Level 1.1 Shields
 + Level 1.1 Unarmed Combat
 + Level 3.0 Spellcasting
 + Level 0.9 Conjurations
 + Level 0.9 Hexes
 + Level 3.8 Summonings
 + Level 0.9 Necromancy
 + Level 0.9 Translocations
 + Level 0.9 Transmutations
 + Level 0.9 Fire Magic
 + Level 0.9 Ice Magic
 + Level 0.9 Air Magic
 + Level 0.9 Earth Magic
 + Level 0.9 Poison Magic
 + Level 1.2 Invocations
 + Level 1.1 Evocations
 + Level 0.9 Shapeshifting


You had 8 spell levels left.
You knew the following spells:

 Your Spells              Type           Power      Damage    Failure   Level
a - Summon Small Mammal   Summ           40%        N/A       6%          1

Your spell library contained the following spells:

 Spells                   Type           Power      Damage    Failure   Level
 Summon Guardian Golem    Hex/Summ       6%         N/A       34%         3


Dungeon Overview and Level Annotations

Branches:
Dungeon (3/15)

Altars:

Shops:
D:1 =   D:2 [


Innate Abilities, Weirdness & Mutations

You have very sharp teeth.
Your uncanny sense of smell can sniff out nearby items.
Your experience applies equally to all skills.


Message History

Your rat bites the scorpion but does no damage.
As you read the scroll labelled NUEWNUEKOS, it crumbles to dust.
Your body is wracked with pain!
* * * LOW HITPOINT WARNING * * *
The scorpion convulses!
It was a scroll of torment.
The scorpion stings you.
* * * LOW HITPOINT WARNING * * *
Your rat barely misses the scorpion.
You aren't carrying any items that you can evoke.
It was a potion of heal wounds.
You feel much better. The scorpion stings you. The scorpion barely misses you.
Your rat bites the scorpion but does no damage.
You hit the scorpion. Your bite misses the scorpion.
The scorpion is heavily wounded.
The scorpion stings you.
You hit the scorpion.
The scorpion is heavily wounded.
Your rat barely misses the scorpion.
You hit the scorpion.
The scorpion is severely wounded.
The scorpion stings you.
You are poisoned.
The scorpion poisons you!
Your rat closely misses the scorpion.
You hit the scorpion but do no damage.
You bite the scorpion, but do no damage.
The scorpion is severely wounded.
You feel sick. The scorpion stings you.
Your rat barely misses the scorpion.
You hit the scorpion but do no damage.
The scorpion is severely wounded.
You feel sick. The scorpion stings you.
* * * LOW HITPOINT WARNING * * *
You hit the scorpion.
The scorpion is almost dead.
* * * LOW HITPOINT WARNING * * *
You feel sick.
Your rat barely misses the scorpion.
The scorpion stings you.
* * * LOW HITPOINT WARNING * * *
You are more poisoned.
The scorpion poisons you!
You puncture the scorpion!
You kill the scorpion!
You die...

.....#
#.......#####'####..####.
.##..## #######.......#
#....... .###..#######
#.####### ##.##### .#
##.......###.# #.# .#
#######...#.# #.# ##
####...# #.#
#...#..######## #.#
#...#.........# #.#
#...#..@#####.# #.#
#^..#..†## #.# #.#
#.......r## #.####.#
#.#####...###.##...#
#.####......#.#..###
#.......##>.....###
#.####.###..#.###.# #.#
#.# #..#.....# ###
#.###..#####.#


You could see a friendly rat (summoned).

Vanquished Creatures
  A scorpion (D:2)
  Jessica (D:2)
  An adder (D:2)
  A worm (D:2)
  2 dart slugs
  A ball python (D:1)
  5 bats
  4 endoplasms
  4 goblins
  2 hobgoblins (D:1)
  3 jackals (D:1)
  4 quokkas
  A frilled lizard (D:1)
  5 kobolds
  3 rats (D:1)
38 creatures vanquished.

Notes
Turn   | Place    | Note
-------+----------+-------------------------------------------
     0 | D:1      | zazu2006 the Gnoll Wanderer began the quest for the Orb.
     0 | D:1      | zazu2006 set off with the following items: a +3 spear, a
                  | scroll of fog, a +0 leather armour; and the following spell
                  | memorised: Summon Small Mammal; and the following spells
                  | available to memorise: Summon Guardian Golem.
     0 | D:1      | Reached XP level 1. HP: 17/17 MP: 4/4
   113 | D:1      | Reached XP level 2. HP: 23/23 MP: 3/5
   494 | D:1      | Reached XP level 3. HP: 28/28 MP: 5/7
   819 | D:1      | Found Cuih's Jewellery Shoppe.
   992 | D:2      | Found Reept's Armour Emporium.
  1038 | D:2      | Reached skill level 1 in Invocations
  1426 | D:2      | Reached skill level 1 in Short Blades
  1426 | D:2      | Reached skill level 1 in Long Blades
  1426 | D:2      | Reached skill level 1 in Axes
  1426 | D:2      | Reached skill level 1 in Maces & Flails
  1426 | D:2      | Reached skill level 1 in Staves
  1426 | D:2      | Reached skill level 1 in Ranged Weapons
  1426 | D:2      | Reached skill level 1 in Throwing
  1426 | D:2      | Reached skill level 1 in Stealth
  1426 | D:2      | Reached skill level 1 in Shields
  1426 | D:2      | Reached skill level 1 in Unarmed Combat
  1426 | D:2      | Reached skill level 1 in Evocations
  1515 | D:2      | Noticed Jessica
  1523 | D:2      | Killed Jessica
  1524 | D:2      | Reached XP level 4. HP: 28/34 MP: 6/8
  1708 | D:3      | Noticed a scorpion
  1733 | D:2      | HP: 1/34 [poisoned by a scorpion]
  1744 | D:2      | Killed a scorpion
  1744 | D:2      | Succumbed to a scorpion's poison

Illustrated notes

Levels and vault maps discovered:
D:1:      minmay_arrival_four_houses, layout_basic, serial_shops,
          nicolae_shop_pleasant_corner_grove
D:2:      layout_basic, serial_shops, shop, uniq_jessica
D:3:      layout_rooms, hellmonk_ecumenical_altar_crossroads

Skill      XL: |  1  2  3 |
---------------+----------+-----
Invocations    | 1 |  1.2
Short Blades   | 1 |  1.1
Long Blades    | 1 |  1.1
Axes           | 1 |  1.1
Maces & Flails | 1 |  1.1
Staves         | 1 |  1.1
Ranged Weapons | 1 |  1.1
Throwing       | 1 |  1.1
Stealth        | 1 |  1.1
Shields        | 1 |  1.1
Unarmed Combat | 1 |  1.1
Evocations     | 1 |  1.1
Spellcasting   | 3 |  3.0
Fighting       | |  2.7
Polearms       | |  6.6
Armour         | |  2.7
Dodging        | |  4.6
Conjurations   | |  0.9
Hexes          | |  0.9
Summonings     | |  3.8
Necromancy     | |  0.9
Translocations | |  0.9
Transmutations | |  0.9
Fire Magic     | |  0.9
Ice Magic      | |  0.9
Air Magic      | |  0.9
Earth Magic    | |  0.9
Poison Magic   | |  0.9
Shapeshifting  | |  0.9

Action                     |  1- 3 |  4- 6 || total
---------------------------+-------+-------++-------
  Melee: Spear             |   108 |     8 ||   116
         Bite              |     7 |     1 ||     8
   Cast: Summon Small Mamm |    17 |     4 ||    21
    Use: Potion            |       |     3 ||     3
         Scroll            |       |     1 ||     1
 Armour: Leather armour    |    27 |     2 ||    29
  Dodge: Dodged            |    69 |    11 ||    80

Table legend: (Time is in decaauts)
 A = Elapsed time spent in this place.
 B = Non-inter-level travel time spent in this place.
 C = Inter-level travel time spent in this place.
 D = Time resting spent in this place.
 E = Time spent auto-exploring this place.
 F = Levels seen in this place.
 G = Mean time per level.
                   A        B        C        D        E       F      G
               +--------+--------+--------+--------+--------+-----+--------+
         Total |   1718 |   1686 |     32 |      0 |   1405 |   3 |  572.7 |
       Dungeon |   1718 |   1686 |     32 |      0 |   1405 |   3 |  572.7 |
               +--------+--------+--------+--------+--------+-----+--------+

Top non-repeatable levels by time:
     D:1: 967 daAuts
     D:2: 723 daAuts
     D:3: 27 daAuts
